 Dungeon Crawl Stone Soup version 0.29.0-4-gdea44cf6ec (webtiles) character file.

Game seed: 16371853479972311823

98 qw the Chopper (level 4, 0/26 HPs)
             Began as a Tengu Warper on Aug 28, 2022.
             Succumbed to an adder's poison
             ... on level 2 of the Dungeon.
             The game lasted 00:00:08 (1638 turns).

qw the Chopper (Tengu Warper)                       Turns: 1638, Time: 00:00:09

Health: 0/26       AC:  3    Str: 13    XL:     4   Next: 69%
Magic:  8/8        EV: 12    Int: 14    God:
Gold:   45         SH:  0    Dex: 19    Spells: 7/7 levels left

rFire   . . .      SeeInvis .   Y - +0 hand axe
rCold   . . .      Faith    .   (no shield)
rNeg    . . .      Spirit   .   b - +0 leather armour
rPois   .          Reflect  .   (helmet restricted)
rElec   .          Harm     .   (no cloak)
rCorr   +          Rampage  .   (no gloves)
Will    .....                   (boots unavailable)
Stlth   +.........              (no amulet)
HPRegen 0.08/turn               d - +6 ring of dexterity
MPRegen 0.11/turn               h - ring of resist corrosion

@: lethally poisoned (0 -> -1)
A: beak, talons 3
a: no special abilities


You were on level 2 of the Dungeon.
You visited 1 branch of the dungeon, and saw 2 of its levels.

You collected 45 gold pieces.


Innate Abilities, Weirdness & Mutations

You have a beak for a mouth.
You have claws for feet.


   Skills:
 - Level 2.0 Fighting
 + Level 5.2 Axes
 - Level 1.0 Throwing
 - Level 1.1 Armour
 - Level 2.1 Dodging
 - Level 2.0 Spellcasting
 - Level 2.4 Translocations


You had 7 spell levels left.
You didn't know any spells.
Your spell library contained the following spells:

 Spells                   Type           Power      Damage    Failure   Level
 Blink                    Tloc           16%        N/A       17%         2
 Gell's Gravitas          Tloc           8%         N/A       34%         3
 Lesser Beckoning         Tloc           8%         N/A       34%         3
 Teleport Other           Tloc           8%         N/A       34%         3
 Manifold Assault         Tloc           8%         N/A       97%         5

Inventory:

Hand Weapons
 k - a +0 club
 Y - a +0 hand axe (weapon)
Armour
 b - a +0 leather armour (worn)
Jewellery
 d - a +6 ring of dexterity (left hand)
 h - a ring of resist corrosion (right hand)
Scrolls
 a - a scroll of summoning {unknown}
Potions
 e - 2 potions of attraction {unknown}
 i - a potion of curing {unknown}

Dungeon Overview and Level Annotations

Branches:
Dungeon (2/15)

Altars:


Message History

Found 10 gold pieces.
The goblin shouts!
An adder comes into view.
1629 ||| Stepping ~*~*~tactically~*~*~ (stealth).
A rat comes into view.
Natasha hisses angrily.
The adder hisses angrily.
A ball python comes into view.
The ball python hisses angrily.
The goblin hits you with a +0 club.
You slash the goblin!
You kill the goblin!
Natasha claws you!
You hit Natasha.
Natasha is moderately wounded.
Natasha claws you.
You hit Natasha. You peck Natasha.
Natasha is almost dead.
You closely miss the rat. You hit the adder. The adder bites you.
You are poisoned.
The adder poisons you! The rat barely misses you. The adder barely misses you.
Natasha claws you.
You closely miss Natasha. Your kick misses Natasha.
Natasha is almost dead.
You hit the rat.
You kill the rat!
You hit the adder.
You feel sick.
Natasha casts a spell.
You completely miss Natasha. You claw Natasha.
You kill Natasha!
Suddenly Natasha's spirit rises from her lifeless body.
The shadow imp disappears in a puff of smoke!
You hit the ball python. You barely miss the adder.
You feel sick. The adder closely misses you.
The ball python closely misses you. x2
Your Axes skill increases to level 5!
You hit the adder. You claw the adder.
You kill the adder!
You hit the ball python but do no damage.
You die...

.......##.########.#
#......#............
#......###.#########
#......###..#####
#......+........#
#......####.###.#
..........###.#
..#############...#.##
......)@........#....###
......S%####............
.....ยค..# #.######...##
.....$..# ...# #.#...
........##.### ###.##>.
........##. #....###
........## #....###
........# #.......
########


You could see a ball python.

Vanquished Creatures
  Natasha (twice) (D:2)
  2 adders (D:2)
  A dart slug (D:1)
  5 ball pythons
  2 endoplasms
  7 giant cockroaches
  5 goblins
  4 hobgoblins
  3 jackals (D:1)
  A quokka (D:2)
  A bat (D:1)
  A frilled lizard (D:2)
  A kobold (D:2)
  2 rats
37 creatures vanquished.

Notes
Turn   | Place    | Note
-------+----------+-------------------------------------------
     0 | D:1      | qw the Tengu Warper began the quest for the Orb.
     0 | D:1      | Reached XP level 1. HP: 12/12 MP: 4/4
     0 | D:1      | 0 ||| qw: Version: 0.1-a-89-g26bdef1
     0 | D:1      | 0 ||| qw: Game counter: 2900
     0 | D:1      | 0 ||| qw: Always use a shield: true
     0 | D:1      | 0 ||| qw: God list: Okawaru
     0 | D:1      | 0 ||| qw: Allow faded altars: false
     0 | D:1      | 0 ||| qw: Do Orc after D:15 true
     0 | D:1      | 0 ||| qw: Do second Lair branch before Depths: true
     0 | D:1      | 0 ||| qw: Lair rune preference: random
     0 | D:1      | 0 ||| qw: Plans: Normal
     0 | D:1      | 0 ||| PLANNING D:1-11
   110 | D:1      | 110 ||| Stepping ~*~*~tactically~*~*~ (stealth).
   112 | D:1      | 112 ||| Stepping ~*~*~tactically~*~*~ (stealth).
   113 | D:1      | 113 ||| Stepping ~*~*~tactically~*~*~ (stealth).
   117 | D:1      | 117 ||| Stepping ~*~*~tactically~*~*~ (stealth).
   125 | D:1      | 125 ||| Stepping ~*~*~tactically~*~*~ (stealth).
   148 | D:1      | Reached skill level 3 in Axes
   148 | D:1      | Reached XP level 2. HP: 15/17 MP: 6/6
   269 | D:1      | 269 ||| Stepping ~*~*~tactically~*~*~ (stealth).
   276 | D:1      | 276 ||| Stepping ~*~*~tactically~*~*~ (stealth).
   306 | D:1      | 306 ||| Stepping ~*~*~tactically~*~*~ (stealth).
   307 | D:1      | 307 ||| Stepping ~*~*~tactically~*~*~ (stealth).
   311 | D:1      | 311 ||| Stepping ~*~*~tactically~*~*~ (stealth).
   313 | D:1      | 313 ||| Stepping ~*~*~tactically~*~*~ (stealth).
   329 | D:1      | 329 ||| Stepping ~*~*~tactically~*~*~ (stealth).
   330 | D:1      | 330 ||| Stepping ~*~*~tactically~*~*~ (stealth).
   383 | D:1      | 383 ||| Stepping ~*~*~tactically~*~*~ (stealth).
   385 | D:1      | 385 ||| Stepping ~*~*~tactically~*~*~ (hiding).
   589 | D:1      | Reached XP level 3. HP: 21/21 MP: 7/7
   861 | D:1      | 861 ||| UPGRADING to +6 ring of dexterity.
   862 | D:1      | 862 ||| UPGRADING to ring of resist corrosion.
   863 | D:1      | 863 ||| READING scroll labelled ZENEUF OJAZU.
   864 | D:1      | 864 ||| READING scroll labelled NAPSISI SUPRIPS.
   865 | D:1      | 865 ||| DRINKING 2 cyan potions.
   970 | D:1      | 970 ||| DROPPING scroll of blinking.
   971 | D:1      | 971 ||| DROPPING potion of berserk rage.
  1061 | D:2      | 1061 ||| Stepping ~*~*~tactically~*~*~ (stealth).
  1062 | D:2      | 1062 ||| Stepping ~*~*~tactically~*~*~ (stealth).
  1113 | D:2      | Reached skill level 4 in Axes
  1331 | D:2      | 1331 ||| Stepping ~*~*~tactically~*~*~ (stealth).
  1332 | D:2      | 1332 ||| Stepping ~*~*~tactically~*~*~ (stealth).
  1333 | D:2      | 1333 ||| Stepping ~*~*~tactically~*~*~ (stealth).
  1339 | D:2      | 1339 ||| Stepping ~*~*~tactically~*~*~ (stealth).
  1340 | D:2      | 1340 ||| Stepping ~*~*~tactically~*~*~ (stealth).
  1344 | D:2      | 1344 ||| Stepping ~*~*~tactically~*~*~ (stealth).
  1362 | D:2      | 1362 ||| Stepping ~*~*~tactically~*~*~ (stealth).
  1364 | D:2      | 1364 ||| Stepping ~*~*~tactically~*~*~ (stealth).
  1468 | D:2      | Noticed Natasha
  1475 | D:2      | Killed Natasha
  1476 | D:2      | Reached XP level 4. HP: 18/26 MP: 8/8
  1623 | D:2      | Noticed Natasha
  1624 | D:2      | 1624 ||| Stepping ~*~*~tactically~*~*~ (stealth).
  1629 | D:2      | 1629 ||| Stepping ~*~*~tactically~*~*~ (stealth).
  1635 | D:2      | HP: 4/26 [Natasha (4)]
  1637 | D:2      | Killed Natasha
  1637 | D:2      | HP: 1/26 [poisoned by an adder]
  1638 | D:2      | Reached skill level 5 in Axes
  1638 | D:2      | Succumbed to an adder's poison

Levels and vault maps discovered:
D:1:      psy_arrival_fountain, layout_basic, st_stairs_1,
          minmay_worlds_worst_comb
D:2:      layout_basic, minmay_tree_intersection, minmay_snake_closets,
          uniq_natasha

Skill      XL: |  1  2  3  4 |
---------------+-------------+-----
Axes           | 3 4 5 |  5.2
Fighting       | |  2.0
Throwing       | |  1.0
Armour         | |  1.1
Dodging        | |  2.1
Spellcasting   | |  2.0
Translocations | |  2.4

Action                   |  1- 3 |  4- 6 || total
-------------------------+-------+-------++-------
Melee: Hand axe          |    78 |    12 ||    90
       Kick              |    19 |     3 ||    22
       Peck              |    10 |     1 ||    11
Throw: Boomerang         |     7 |       ||     7
  Use: Scroll            |     2 |       ||     2
       Potion            |     1 |       ||     1
Armor: Leather armour    |    16 |     2 ||    18
Dodge: Dodged            |    49 |    10 ||    59

Table legend:
 A = Non-vault XP
 B = Vault XP
 C = Vault XP percentage of total XP
 D = Non-vault monster count
 E = Vault monster count
 F = Vault count percentage of total count
                 A         B        C        D         E       F
            +---------+---------+-------+---------+---------+-------
      Total |     108 |      45 |  29.4 |      31 |       6 |  16.2
            +---------+---------+-------+---------+---------+-------
        D:1 |      24 |      10 |  29.4 |      12 |       5 |  29.4
        D:2 |      84 |      35 |  29.4 |      19 |       1 |   5.0
            +---------+---------+-------+---------+---------+-------
